 Dungeon Crawl Stone Soup version 0.27.1-4-g1640c2035a (webtiles) character file.

Game seed: 10573868126067123441

114 tizbic2 the Shooter (level 4, -7/27 HPs)
             Began as a Tengu Hunter on Nov 14, 2021.
             Killed by divine providence
             ... invoked by an orc priest
              (13 damage)
             ... on level 3 of the Dungeon.
             The game lasted 00:13:33 (1746 turns).

tizbic2 the Shooter (Tengu Hunter)                  Turns: 1746, Time: 00:13:33

Health: -7/27      AC:  6    Str: 13    XL:     4   Next: 98%
Magic:  5/5        EV: 11    Int: 11    God:
Gold:   64         SH:  8    Dex: 15    Spells: 2/3 levels left

rFire    . . .     SeeInvis .   w - +2 flail (drain)
rCold    . . .     Faith    .   k - +0 buckler
rNeg     + . .     Spirit   .   l - +3 leather armour {rN+}
rPois    .         Reflect  +   (helmet restricted)
rElec    .         Harm     .   (no cloak)
rCorr    .         Rampage  .   (no gloves)
Will     .....                  (boots unavailable)
Stlth    +.........             i - amulet of reflection
HPRegen  0.09/turn              (no ring)
MPRegen  0.09/turn              (no ring)

@: hasted, very quick
A: beak, talons 3
a: no special abilities


You were on level 3 of the Dungeon.
You visited 1 branch of the dungeon, and saw 3 of its levels.

You collected 64 gold pieces.

Inventory:

Hand Weapons
 a - a +1 shortbow
 w - a +2 flail of draining (weapon)
Missiles
 d - 14 arrows
 m - a throwing net (quivered)
Armour
 k - a +0 buckler (worn)
 l - a +3 leather armour of positive energy (worn)
Jewellery
 i - an amulet of reflection (around neck)
Scrolls
 c - a scroll of teleportation {unknown}
 g - a scroll of acquirement {unknown}
 h - a scroll of noise {unknown}
 j - a scroll of fear {unknown}
 n - a scroll of vulnerability {unknown}
Potions
 b - a potion of might {unknown}
 f - a potion of invisibility {unknown}
 o - a potion of brilliance {unknown}


   Skills:
 + Level 2.9 Fighting
 + Level 1.0 Maces & Flails
 * Level 5.6 Bows
 + Level 1.0 Armour
 + Level 2.8 Dodging
 - Level 1.0 Stealth
 + Level 0.2 Shields


You had 2 spell levels left.
You knew the following spells:

 Your Spells              Type           Power      Damage    Failure   Level
a - Foxfire               Conj/Fire      0%         2x1d4     58%         1

Your spell library contained the following spells:

 Spells                   Type           Power      Damage    Failure   Level


Dungeon Overview and Level Annotations

Branches:
Dungeon (3/15)

Altars:

Shops:
D:2 ([


Innate Abilities, Weirdness & Mutations

You have a beak for a mouth.
You have claws for feet.


Message History

You continue putting on your +0 buckler.
The hobgoblin closely misses you.
You finish putting on your +0 buckler.
The orc priest shouts!
You hit the hobgoblin. You drain the hobgoblin.
You kill the hobgoblin!
You hear a shout!
You hear an angry hiss.
An orc comes into view. It is wielding a +0 whip.
The rat closely misses you.
You sock the rat!
You kill the rat!
You block the frilled lizard's attack.
You hit the frilled lizard.
You kill the frilled lizard!
The orc priest looks braver for a moment.
The orc priest mumbles some strange prayers to Beogh against you.
You are unaffected.
Your Armour skill increases to level 1!
Things that are here:
10 stones; a frilled lizard corpse You sock the adder!
You peck the adder.
You kill the adder!
The orc priest invokes the aid of Beogh against you.
Pain shoots through your body!
You see here a hobgoblin corpse.
You hit the orc priest.
You claw the orc priest, but do no damage.
You peck the orc priest, but do no damage.
The orc priest is lightly wounded.
You hit the orc priest.
The orc priest is heavily wounded.
The orc priest hits you with a +0 mace.
The orc priest mumbles some strange prayers to Beogh against you.
Beogh smites you!
* * * LOW HITPOINT WARNING * * *
The orc barely misses you.
It was a potion of haste.
You feel yourself speed up.
The orc priest invokes the aid of Beogh against you.
Beogh smites you!
You die...

####.# #.##########
....
#.#........######....
#†#..................
#)#.......>......(...
#.#†.................
#...........##.(.....
###........###o......
#.........(@oo.....
#.......(###.......
## #........# .......
.# ########## #######
.# .# .# ##


You could see an orc priest and 2 orcs.

Vanquished Creatures
  Jessica (D:2)
  An adder (D:3)
  2 worms
  2 dart slugs (D:1)
  5 endoplasms
  6 giant cockroaches
  5 goblins
  3 hobgoblins
  7 jackals
  5 kobolds
  2 quokkas (D:1)
  10 ball pythons
  8 bats
  4 frilled lizards
  3 rats
64 creatures vanquished.

Vanquished Creatures (others)
  A fungus (D:2)
  A plant (D:2)
2 creatures vanquished.

Grand Total: 66 creatures vanquished

Notes
Turn   | Place    | Note
-------+----------+-------------------------------------------
     0 | D:1      | tizbic2 the Tengu Hunter began the quest for the Orb.
     0 | D:1      | Reached XP level 1. HP: 12/12 MP: 2/2
   108 | D:1      | Reached XP level 2. HP: 17/17 MP: 3/3
   471 | D:1      | Reached skill level 5 in Bows
   529 | D:1      | Reached XP level 3. HP: 20/22 MP: 4/4
   974 | D:2      | Noticed Jessica
   981 | D:2      | Killed Jessica
   982 | D:2      | Reached XP level 4. HP: 20/27 MP: 5/5
  1174 | D:2      | Reached skill level 1 in Maces & Flails
  1187 | D:2      | Found a faded altar of an unknown god.
  1207 | D:2      | Got Plato's Guide on Attacks and the Arsonist
  1212 | D:2      | Learned a level 1 spell: Foxfire
  1250 | D:2      | Found Zayxebyo's Antique Armour Boutique.
  1371 | D:2      | Found Vor Ukhlievi's Antique Weapon Shop.
  1741 | D:3      | Reached skill level 1 in Armour
  1746 | D:3      | Killed from afar by an orc priest

Illustrated notes

Levels and vault maps discovered:
D:1:      amcnicky_arrival_gap_in_the_tavern_cellar, layout_basic
D:2:      layout_loops_ring, shapermc_ecumenical_altar_rom_forum, serial_shops,
          nicolae_shop_statue_plus, shop_fountains, minmay_small_reverse_x,
          uniq_jessica
D:3:      layout_basic, mainiacjoe_overflow_chevrons, serial_shops,
          nicolae_shop_stone

Skill      XL: |  1  2  3  4 |
---------------+-------------+-----
Bows           | 5 |  5.6
Maces & Flails | 1 |  1.0
Armour         | 1 |  1.0
Fighting       | |  2.9
Dodging        | |  2.8
Stealth        | |  1.0
Shields        | |  0.2

Action                   |  1- 3 |  4- 6 || total
-------------------------+-------+-------++-------
Melee: Short sword       |    35 |       ||    35
       Kick              |    15 |     7 ||    22
       Peck              |     6 |     5 ||    11
       Flail             |    20 |    37 ||    57
 Fire: Shortbow          |    31 |    10 ||    41
  Use: Potion            |       |     1 ||     1
Armor: Leather armour    |     2 |     7 ||     9
       Ring mail         |    17 |     3 ||    20
Dodge: Dodged            |    44 |    21 ||    65
Block: Buckler           |       |     7 ||     7
       Other             |       |     2 ||     2
